 Dungeon Crawl Stone Soup version 0.16.2-12-gd0ad4c3 (webtiles) character file.

556 dvd the Sneak (level 7, -3/49 HPs)
             Began as an Octopode Monk on Oct 26, 2015.
             Slain by an orc wizard
             ... wielding a +1 dagger of venom
              (4 damage)
             ... on level 4 of the Dungeon.
             The game lasted 00:16:37 (4103 turns).

dvd the Sneak (Octopode Monk)                       Turns: 4103, Time: 00:16:38

Health: -3/49      AC:  1    Str: 12    XL:     7   Next: 30%
Magic:  7/7        EV: 14    Int: 12    God:
Gold:   131        SH:  0    Dex: 15    Spells: 0 memorised, 6 levels left

rFire  . . .     SeeInvis .       - Unarmed
rCold  . . .     Clarity  .     (no shield)
rNeg   + . .     SustAb   +     (helmet restricted)
rPois  .         Gourm    .     m - amulet of warding
rElec  .         Spirit   .     k - ring of sustain abilities
rCorr  .         Warding  +     (no ring)
rMut   .         Stasis   .     (no ring)
MR     .....                    (no ring)
Stlth  +++++.....               (no ring)
                                (no ring)
                                (no ring)
                                (no ring)

@: lethally poisoned (-3 -> -16), not resistant to hostile enchantments, quite
stealthy
A: almost no armour, amphibious, 8 rings, constrict 8, camouflage 1, gelatinous
body 1
a: no special abilities


You were on level 4 of the Dungeon.
You were not hungry.

You visited 1 branch of the dungeon, and saw 4 of its levels.
You also visited: Sewer.

You collected 131 gold pieces.

Inventory:

Hand weapons
 e - a +0 hunting sling
Missiles
 a - 11 exploding sling bullets
Jewellery
 k - a ring of sustain abilities (left tentacle)
 m - an amulet of warding (around mantle)
Magical devices
 l - a wand of frost (11)
Scrolls
 g - 3 scrolls of identify
 h - a scroll of teleportation
 i - a scroll of remove curse
Potions
 j - 2 potions of curing
 n - 2 potions of flight
Books
 r - a book of Control

   Spells                             Type                      Level
   a - Control Teleport               Charms/Translocation         4
   b - Control Undead                 Necromancy                   4
   c - Enslavement                    Hexes                        4
   d - Metabolic Englaciation         Hexes/Ice                    5
   e - Mass Confusion                 Hexes                        6
Comestibles
 b - 2 bread rations
 o - a beef jerky
 p - 2 meat rations
 t - 4 fruits
 u - a royal jelly
 v - 2 chunks of flesh


   Skills:
 + Level 4.6 Fighting
 + Level 4.7 Dodging
 + Level 6.5 Stealth
 + Level 5.3 Unarmed Combat


You had 6 spell levels left.
You didn't know any spells.

Dungeon Overview and Level Annotations

Branches:
Dungeon (4/15)
 Temple: D:4-7

Altars:
Yredelemnul
The Shining One


Innate Abilities, Weirdness & Mutations

You cannot wear most types of armour.
You are amphibious.
You can wear up to eight rings at the same time.
You can use your tentacles to constrict many enemies at once.
Your skin changes colour to match your surroundings (Stealth).
Your rubbery body absorbs attacks (AC +1).


Message History

You barely miss something.
You feel sick. The worker ant barely misses you.
You hear some strange, mumbled words.
The puff of flame hits you!
* * * LOW HITPOINT WARNING * * *
The orc priest misses you.
You tentacle-slap the orc priest but do no damage.
You grab the orc priest. You squeeze the orc priest.
The orc priest is lightly wounded.
You constrict the orc priest. The worker ant bites you.
* * * LOW HITPOINT WARNING * * *
You are more poisoned.
The worker ant poisons you! Something hits you but does no damage.
You tentacle-slap the orc priest.
The orc priest is heavily wounded.
You constrict the orc priest.
* * * LOW HITPOINT WARNING * * *
You feel sick. The orc priest hits you with a club.
* * * LOW HITPOINT WARNING * * *
The worker ant closely misses you. Something hits you.
You die...

##...#########**
#..............* **
#....##.##.....####### ,*
#......#,............. ,*
#[#.###.##............ ,*
#.#.# *,##..#####..### ,*
####$#.###,#*,,** #..#
>*******#........#.##...#
#..#
,,,,,...........@{......#
#..# ,,,,,.....##..#*.#
**,#........ *,,,*#.#*.#
**,,####...## *,*,**,**.*
*,,,......###


You could see a worker ant and an orc priest.

Vanquished Creatures
  An ogre (D:4)
  The ghost of blami the Sneak, an average SpEn (D:3)
  A big kobold (Sewer)
  A hound (D:4)
  3 orc wizards
  Terence (D:3)
  4 gnolls
  2 river rats
  5 adders
  3 giant mites (D:3)
  A worm (D:2)
  2 giant geckos
  2 oozes
  8 orcs
  5 giant cockroaches
  6 hobgoblins
  4 jackals
  2 quokkas
  10 bats
  4 giant newts
  9 goblins
  9 kobolds
  14 rats
98 creatures vanquished.

Vanquished Creatures (others)
  4 toadstools (D:1)
4 creatures vanquished.

Grand Total: 102 creatures vanquished

Notes
Turn   | Place    | Note
--------------------------------------------------------------
     0 | D:1      | dvd, the Octopode Monk, began the quest for the Orb.
     0 | D:1      | Reached XP level 1. HP: 16/16 MP: 1/1
   243 | D:1      | Reached XP level 2. HP: 15/21 MP: 2/2
   551 | D:1      | Reached XP level 3. HP: 24/26 MP: 3/3
  1541 | D:2      | Reached XP level 4. HP: 29/32 MP: 4/4
  2074 | D:3      | Found a glowing drain.
  2076 | D:3      | Reached XP level 5. HP: 26/37 MP: 5/5
  2122 | Sewer    | Entered a sewer
  2440 | Sewer    | Reached skill level 5 in Stealth
  2440 | Sewer    | Reached XP level 6. HP: 22/43 MP: 6/6
  2463 | Sewer    | Found a white marble altar of Elyvilon.
  2684 | D:3      | Found a glowing golden altar of the Shining One.
  2758 | D:3      | Noticed blami's ghost (average SpEn)
  2791 | D:3      | Killed blami's ghost
  2979 | D:3      | Noticed Terence
  2979 | D:3      | Found a basalt altar of Yredelemnul.
  2995 | D:3      | Killed Terence
  3034 | D:3      | Reached skill level 5 in Unarmed Combat
  3225 | D:3      | Reached skill level 6 in Stealth
  3725 | D:4      | Reached XP level 7. HP: 32/49 MP: 7/7
  4103 | D:4      | HP: 1/49 [orc priest/club (5)]
  4103 | D:4      | Slain by an orc wizard

Action                   |  1- 3 |  4- 6 |  7- 9 || total
-------------------------+-------+-------+-------++-------
Melee: Unarmed           |    62 |   158 |    32 ||   252
  Use: Potion            |       |     3 |     6 ||     9
       Scroll            |       |       |     5 ||     5
 Stab: Sleeping          |     9 |    12 |       ||    21
  Eat: Chunk             |     2 |     7 |     1 ||    10
